 Dungeon Crawl Stone Soup version 0.31-a0-986-g5e6e4ef867 (webtiles) character file.

Game seed: 13758960461914783119

251 avis the Ducker (level 5, 25/25 HPs)
             Began as a Felid Shapeshifter on Nov 10, 2023.
             Got out of the dungeon alive.
             The game lasted 00:17:22 (3312 turns).

avis the Ducker (Felid Shapeshifter)                Turns: 3312, Time: 00:17:23

Health: 25/25      AC:  1    Str: 10    XL:     5   Next: 88%
Magic:  6/6        EV: 20    Int: 11    God:
Gold:   149        SH:  0    Dex: 18    Spells: 4/4 levels left
                                        Lives:  0   Deaths: 2

rFire   + .          .
                       - Unarmed
rCold   . . .        (shield unavailable)
rNeg    . . .        (body armour unavailable)
rPois   .            (helmet unavailable)
rElec   .            (cloak unavailable)
rCorr   .            (gloves unavailable)
SInv    +            (boots unavailable)
Will    .....        k - amulet of regeneration
Stlth   ++           q - ring of protection from fire
HPRegen 1.04/turn    s - ring of wizardry
MPRegen 0.10/turn

%: wizardry (x1)
@: beast-form, quick
A: beast (slay +2), very small, claws 1, fangs 3, see invisible, speed 1, shaggy
fur 1, stealthy paws, no weapons or thrown items, no armour, multi-lived
a: Begin Untransformation


You escaped.
You were a hulking beast.
You visited 1 branch of the dungeon, and saw 4 of its levels.
You also visited: Sewer.

You collected 149 gold pieces.

Inventory:

Jewellery
 k - an amulet of regeneration (around neck)
 q - a ring of protection from fire (left paw)
 s - a ring of wizardry (right paw)
Talismans
 b - a beast talisman
 c - a flux talisman
Scrolls
 e - 2 scrolls of enchant weapon {unknown}
 f - 12 scrolls of identify {unknown}
 h - a scroll of torment {unknown}
 i - a scroll of vulnerability {unknown}
 m - a scroll of blinking {unknown}
 r - a scroll of fear {unknown}
 t - a scroll of teleportation {unknown}
Potions
 a - 2 potions of lignification
 d - a potion of mutation {unknown}
 g - 2 potions of berserk rage {unknown}
 j - a potion of attraction {unknown}
 l - 2 potions of curing {unknown}
 n - a potion of magic {unknown}
 o - 3 potions of haste {unknown}
 p - a potion of resistance {unknown}


   Skills:
 - Level 4.0 Fighting
 - Level 6.0 Dodging
 * Level 3.1 Unarmed Combat
 - Level 3.5 Shapeshifting


You had 4 spell levels left.
You didn't know any spells.
Your spell library was empty.

Dungeon Overview and Level Annotations

Branches:
Dungeon (4/15)              Sewer (visited)
 Temple: D:4-7

Altars:
Hepliaklqana
Ru
Sif Muna

Annotations:
D:2 Terence
D:3 2 runed translucent doors, Cadnt's ghost, amateur FeCj
D:4 Dowan; Duvessa


Innate Abilities, Weirdness & Mutations

You are a hulking beast.
Your limbs bulge with bestial killing power. (Slay +2)
You have sharp claws.
You have razor-sharp teeth.
You have supernaturally acute eyesight. (SInv)
You cover ground quickly. (Speed+)
You are covered in fur. (AC +1)
Your paws help you pounce on unaware monsters.
You are incapable of wielding weapons or throwing items.
You cannot wear armour.
You gain extra lives every three experience levels.


Message History

You closely miss the goblin. Your bite misses the goblin.
The goblin barely misses you.
You claw the goblin!
You kill the goblin!
Training target 4.0 for Fighting reached!
Your Fighting skill increases to level 4!
You need to enable at least one skill for training.
Things that are here:
a +0 club; a goblin corpse You open the door.
Found 8 gold pieces and 5 silver javelins.
There is an open door here.
You now have 139 gold pieces (gained 8).
There is an open door here.
You now have 149 gold pieces (gained 10).
Found a stone staircase leading down.
There is a stone staircase leading up here.
You climb upwards.
Level annotation: 2 runed translucent doors, Cadnt's ghost, amateur FeCj
There is a stone staircase leading down here.
What level of the Dungeon? (default 4, ? - help)
You climb downwards.
Level annotation: Dowan; Duvessa
There is a stone staircase leading up here.
What level of the Dungeon? (default 4, ? - help)
You climb upwards.
Level annotation: 2 runed translucent doors, Cadnt's ghost, amateur FeCj
There is a stone staircase leading down here.
There is a stone staircase leading up here.
You climb upwards.
Level annotation: Terence
There is a stone staircase leading down here.
There is an open door here.
There is a stone staircase leading up here.
You climb upwards.
There is a stone staircase leading down here.
You open the door.
There is an open door here.
There is a staircase leading out of the dungeon here.
You have escaped!

#..#####.### #.# # #..........#
#.####
######.##.#####.###....#######
.............................# ##
####.P≈~~~~~~~P...P≈≈~~~~~~P.# #.
####.~≈≈~~~~≈≈~...~~≈~~~~≈~~.# #.
.....~~≈~~~~≈≈≈...~~≈~~~~≈≈~.###.
.###.P~~~~~~~~.....≈~~~~~~~P..##.
.#..............h.............##.
.#.#.P~~~~≈≈≈~.....~≈~~~~~~P..##.
.....~~≈~~~~≈≈~...~≈≈~~~~≈≈≈.....
.....~~~~~~~≈≈~...~~~~~~~≈≈~..###
####.P~≈~~~≈≈~P...P~~~~~~≈~P..#
###...........................##
.....#'####.....###.###.#......#
#####...########....# #.#####..#
.###.....## #.#### #.# #..#


There were no monsters in sight!

Vanquished Creatures
  3 jellies (Sewer)
  Jessica (D:2)
  2 river rats (Sewer)
  2 adders
  A worm (D:3)
  4 dart slugs
  9 orcs
  10 ball pythons
  13 endoplasms
  5 giant cockroaches
  5 goblins
  3 hobgoblins
  4 quokkas
  4 bats
  3 frilled lizards
  A kobold (D:4)
  5 rats
75 creatures vanquished.

Notes
Turn   | Place    | Note
-------+----------+-------------------------------------------
     0 | D:1      | avis the Felid Shapeshifter began the quest for the Orb.
     0 | D:1      | Reached XP level 1. HP: 9/9 MP: 2/2
   338 | D:1      | Reached skill level 3 in Dodging
   345 | D:1      | Reached XP level 2. HP: 6/12 MP: 3/3
  1041 | D:2      | Found a sacrificial altar of Ru.
  1182 | D:2      | Noticed Terence
  1403 | D:2      | Noticed Jessica
  1406 | D:2      | Killed Jessica
  1407 | D:2      | Reached skill level 4 in Dodging
  1407 | D:2      | Reached XP level 3. HP: 8/16 MP: 4/4
  1445 | D:2      | Found a faded altar of an unknown god.
  1798 | D:3      | Found a glowing drain.
  1837 | Sewer    | Entered a sewer
  1872 | Sewer    | Reached XP level 4. HP: 14/20 MP: 5/5
  2054 | Sewer    | Reached skill level 5 in Dodging
  2067 | Sewer    | Found a viscous altar of Jiyva.
  2072 | Sewer    | Reached XP level 5. HP: 18/24 MP: 6/6
  2115 | Sewer    | Slain by a river rat
  2137 | Sewer    | Reached skill level 6 in Dodging
  2266 | D:3      | Found a large runed translucent door.
  2266 | D:3      | Found a large runed translucent door.
  2276 | D:3      | Noticed Cadnt's ghost (amateur FeCj)
  2456 | D:3      | Found a shimmering blue altar of Sif Muna.
  2456 | D:3      | Found a hazy altar of Hepliaklqana.
  2572 | D:3      | Identified the +5 mace "Xailuym" {drain, Fly rF++}
  2732 | D:4      | Identified the +6 flail of Mastery {drain, rN+}
  2979 | D:4      | Noticed Duvessa
  2979 | D:4      | Noticed Dowan
  3013 | D:4      | Slain by Duvessa
  3312 | D:$      | Got out of the dungeon alive.

Illustrated notes

Levels and vault maps discovered:
D:1:      giann_bridges, layout_loops_corners
D:2:      layout_loops_corners, dilly_ecumenical_altar_fadedgnrine, basic_altar,
          uniq_jessica, uniq_terence
D:3:      layout_rooms, gammafunk_temple_overflow_statue,
          ebering_ghost_disaster_area, cheibrodos_sewer_entry_sluice,
          minmay_box_of_dots
D:4:      layout_loops_corners, uniq_duvessa

Skill      XL: |  1  2  3  4  5 |
---------------+----------------+-----
Dodging        | 3 4 5 6 |  6.0
Fighting       | 2 3 4 |  4.0
Unarmed Combat | |  3.1
Shapeshifting  | |  3.5

Action                     |  1- 3 |  4- 6 || total
---------------------------+-------+-------++-------
  Melee: Unarmed           |    63 |   130 ||   193
         Bite              |     8 |    14 ||    22
    Use: Potion            |       |     1 ||     1
   Stab: Sleeping          |     1 |     2 ||     3
 Armour: Skin              |    21 |    28 ||    49
  Dodge: Dodged            |    40 |   104 ||   144

Table legend: (Time is in decaauts)
 A = Elapsed time spent in this place.
 B = Non-inter-level travel time spent in this place.
 C = Inter-level travel time spent in this place.
 D = Time resting spent in this place.
 E = Time spent auto-exploring this place.
 F = Levels seen in this place.
 G = Mean time per level.
                   A        B        C        D        E       F      G
               +--------+--------+--------+--------+--------+-----+--------+
         Total |   2750 |   2490 |    260 |     83 |   1608 |   5 |  550.0 |
       Dungeon |   2435 |   2175 |    260 |     55 |   1572 |   4 |  608.8 |
         Sewer |    315 |    315 |      0 |     28 |     36 |   1 |  315.0 |
               +--------+--------+--------+--------+--------+-----+--------+

Top non-repeatable levels by time:
     D:1: 810 daAuts
     D:2: 709 daAuts
     D:4: 467 daAuts
     D:3: 448 daAuts
   Sewer: 315 daAuts
